 Dungeon Crawl Stone Soup version 0.20.0 (webtiles) character file.

81 Llamajah the Shield-Bearer (level 4, -1/35 HPs)
             Began as a Formicid Fighter on July 1, 2017.
             Slain by Grinder (7 damage)
             ... on level 3 of the Dungeon on July 2, 2017.
             The game lasted 00:06:45 (2305 turns).

Llamajah the Shield-Bearer (Formicid Fighter)       Turns: 2305, Time: 00:06:46

Health: -1/35      AC:  8    Str: 22    XL:     4   Next: 67%
Magic:  4/4        EV:  8    Int:  7    God:
Gold:   146        SH:  9    Dex: 10    Spells: 3/3 levels left

rFire    . . .     SeeInvis +   a - +0 war axe
rCold    . . .     Gourm    .   c - +0 shield
rNeg     . . .     Faith    .   b - +0 scale mail
rPois    .         Spirit   .   (helmet unavailable)
rElec    .         Reflect  .   (no cloak)
rCorr    .         Harm     .   v - +0 pair of gloves
MR       .....                  (no boots)
Stlth    ..........             (no amulet)
Regen    0.2/turn               t - ring of loudness (curse)
MPRegen  0.1/turn               (no ring)

@: no status effects
A: permanent stasis, dig shafts and tunnels, four strong arms, antennae 3
a: Dig, Shaft Self


You were on level 3 of the Dungeon.
You were not hungry.

You visited 1 branch of the dungeon, and saw 3 of its levels.

You collected 146 gold pieces.

Inventory:

Hand Weapons
 a - a +0 war axe (weapon)
Armour
 b - a +0 scale mail (worn)
 c - a +0 shield (worn)
 v - a +0 pair of gloves (worn)
Jewellery
 t - a cursed ring of loudness (left hand)
Scrolls
 g - 5 scrolls of remove curse {unknown}
 h - 2 scrolls of teleportation {unknown}
 i - 3 scrolls of identify {unknown}
 j - a scroll of fog {unknown}
 l - a scroll of noise {unknown}
 m - 2 scrolls of recharging {unknown}
 n - a scroll of immolation {unknown}
 s - a scroll of random uselessness {unknown}
 w - a scroll of enchant weapon {unknown}
Potions
 d - a potion of might
 e - a potion of flight {unknown}
 k - a potion of haste {unknown}
 o - a potion of invisibility {unknown}
 p - a potion of mutation {unknown}
 q - a potion of degeneration {unknown}
 r - 2 potions of curing
 x - a potion of heal wounds {unknown}
Comestibles
 f - 2 bread rations


   Skills:
 + Level 3.5 Fighting
 * Level 2.9 Axes
 + Level 3.8 Armour
 + Level 1.1 Dodging
 + Level 4.3 Shields


You had 3 spell levels left.
You didn't know any spells.

Dungeon Overview and Level Annotations

Branches:
Dungeon (3/15)

Altars:
Elyvilon
Uskayaw
Zin
The Shining One

Annotations:
D:3 1 runed door, Grinder


Innate Abilities, Weirdness & Mutations

You cannot be hasted, slowed, berserked, paralysed or teleported.
You can dig through walls and to a lower floor.
Your four strong arms can wield two-handed weapons with a shield.
You have a pair of large antennae on your head. (SInv)


Message History

You barely resist.
You are too injured to fight recklessly!
You are too injured to fight recklessly!
You are too injured to fight recklessly!
You are too injured to fight recklessly!
You hit Grinder but do no damage.
Grinder is severely wounded.
Grinder says, "Just stop there for a second..."
You block Grinder's attack.
You completely miss Grinder.
Grinder is severely wounded.
Grinder completely misses you. Grinder hits you.
You writhe in agony.
* * * LOW HITPOINT WARNING * * *
You slash Grinder!
Grinder is almost dead.
Grinder drinks a potion.
Grinder is healed!
You closely miss Grinder.
Grinder is severely wounded.
Grinder hits you!
You die...

#.. ♣.♣♣ #.## ..# ♣♣.♣ #...
#.#### ♣.♣♣ #### #....#
♣♣.♣♣ ##..#.## ♣...♣♣
#.[)...# ♣....♣ ###.).#..#
#....# ###....)5..#
##..###### .........@..#
#...#...# ...........(.#
##.##...###
.....##...<..####..........
....<..................).((
.....#####.######..........
.... #.# #####...### #
#...# #...# ###.# #...# #.#
#...#


You could see Grinder.

Vanquished Creatures
  An adder (D:3)
  An ooze (D:3)
  A dart slug (D:1)
  2 leopard geckos (D:1)
  4 orcs (D:3)
  3 ball pythons
  7 bats
  2 giant cockroaches
  3 goblins
  8 hobgoblins
  8 frilled lizards
  12 kobolds
  8 rats
60 creatures vanquished.

Notes
Turn   | Place    | Note
-------+----------+-------------------------------------------
     0 | D:1      | Llamajah the Formicid Fighter began the quest for the Orb.
     0 | D:1      | Reached XP level 1. HP: 18/18 MP: 1/1
    56 | D:1      | Reached XP level 2. HP: 20/24 MP: 2/2
   498 | D:1      | Reached skill level 4 in Shields
   498 | D:1      | Reached XP level 3. HP: 26/29 MP: 3/3
  1087 | D:2      | Found a white marble altar of Elyvilon.
  1190 | D:2      | Found a hide-covered altar of Uskayaw.
  1238 | D:2      | Reached skill level 1 in Dodging
  1244 | D:2      | Found a glowing golden altar of the Shining One.
  1553 | D:3      | Reached XP level 4. HP: 30/35 MP: 4/4
  1630 | D:3      | Found a glowing silver altar of Zin.
  1758 | D:3      | Found a runed door.
  1784 | D:3      | Noticed Grinder
  2305 | D:3      | Slain by Grinder

Skill      XL: |  1  2  3 |
---------------+----------+-----
Shields        | 4 |  4.3
Dodging        | 1 |  1.1
Fighting       | |  3.5
Axes           | |  2.9
Armour         | |  3.8

Action                   |  1- 3 |  4- 6 || total
-------------------------+-------+-------++-------
Melee: War axe           |   169 |    45 ||   214
  Eat: Chunk             |     2 |     1 ||     3
       Bread ration      |       |     1 ||     1
Armor: Scale mail        |    66 |    16 ||    82
Dodge: Dodged            |    48 |    12 ||    60
Block: Shield            |    92 |    31 ||   123
